 Dungeon Crawl Stone Soup version 0.29-a0-416-g83a48905f1 (webtiles) character file.

Game seed: 13322969467991863165

453 iguanaiguana the Cutter (level 7, -4/35 HPs)
             Began as a Vine Stalker Brigand on May 17, 2022.
             Was an Initiate of Okawaru.
             Slain by Blork the orc
             ... wielding a +0 scimitar of venom
              (9 damage)
             ... on level 4 of the Dungeon.
             The game lasted 00:04:55 (2178 turns).

iguanaiguana the Cutter (Vine Stalker Brigand)      Turns: 2178, Time: 00:04:56

Health: -4/35      AC:  9    Str: 14    XL:     7   Next: 5%
Magic:  0/8        EV: 11    Int: 11    God:    Okawaru [......]
Gold:   162        SH:  0    Dex: 17    Spells: 6/6 levels left

rFire   . . .      SeeInvis .   a - +2 dagger
rCold   . . .      Faith    .   (no shield)
rNeg    . . .      Spirit   +   k - +0 ring mail
rPois   +          Reflect  .   s - +0 helmet
rElec   .          Harm     .   l - +2 cloak
rCorr   .          Rampage  .   (no gloves)
Will    .....                   (no boots)
Stlth   ++........              (no amulet)
HPRegen 0.91/turn               r - ring of poison resistance
MPRegen 0.11/turn               (no ring)

@: brilliant, hasted, very quick
A: fangs 2, regeneration 1, magic shield, antimagic bite, no potion heal 2
a: Renounce Religion


You were on level 4 of the Dungeon.
You worshipped Okawaru.
Okawaru was noncommittal.
You visited 1 branch of the dungeon, and saw 4 of its levels.

You collected 162 gold pieces.

Inventory:

Hand Weapons
 a - a +2 dagger (weapon)
Missiles
 d - 13 poisoned darts (quivered)
 e - a curare-tipped dart
Armour
 k - a +0 ring mail (worn)
 l - a +2 cloak (worn)
 s - a +0 helmet (worn)
Jewellery
 r - a ring of poison resistance (left hand)
Scrolls
 i - a scroll of magic mapping {unknown}
 j - a scroll of teleportation {unknown}
 o - a scroll of fog {unknown}
 p - a scroll of summoning {unknown}
 q - 5 scrolls of identify {unknown}
Potions
 b - a potion of attraction {unknown}
 c - a potion of flight {unknown}
 f - a potion of might {unknown}
 m - a potion of lignification {unknown}
 n - a potion of brilliance
 t - a potion of ambrosia {unknown}


   Skills:
 + Level 2.4 Fighting
 - Level 6.0 Short Blades
 - Level 1.7 Throwing
 + Level 1.2 Armour
 + Level 1.6 Dodging
 - Level 4.8 Stealth


You had 6 spell levels left.
You didn't know any spells.
Your spell library contained the following spells:

 Spells                   Type           Power      Damage    Failure   Level
 Pain                     Necr           0%         1d4       58%         1
 Ignite Poison            Fire/Tmut/Pois 0%         N/A       91%         3
 Mephitic Cloud           Conj/Pois/Air  0%         N/A       91%         3
 Vampiric Draining        Necr           0%         2d6       91%         3
 Freezing Cloud           Conj/Ice/Air   0%         6-21      100%        5
 Animate Skeleton         Necr           Unusable   N/A       N/A         1

Dungeon Overview and Level Annotations

Branches:
Dungeon (4/15)
 Temple: D:4-7

Altars:
Elyvilon
Makhleb
Okawaru
Yredelemnul

Shops:
D:3 (

Annotations:
D:4 Blork the orc


Innate Abilities, Weirdness & Mutations

You have extremely sharp teeth.
Your natural rate of healing is unusually fast.
When hurt, damage is shared between your health and your magic reserves.
Your bite disrupts and absorbs the magic of your enemies.
Potions cannot restore your health.


Message History

You are no longer poisoned.
You closely miss Blork the orc.
Blork the orc is moderately wounded.
Blork the orc hits you but does no damage.
You feel yourself speed up.
Blork the orc screams, "I'll drink your blood!
Soon!"
Blork the orc closely misses you.
It was a potion of brilliance.
You feel clever all of a sudden. Blork the orc closely misses you.
Okay, then.
You hit Blork the orc but do no damage.
Blork the orc is moderately wounded.
You hit Blork the orc but do no damage.
Blork the orc is moderately wounded.
Blork the orc hits you with a +0 scimitar of venom!
* * * LOW HITPOINT WARNING * * *
You are lethally poisoned!
Your system rejects the healing.
You feel better.
Okay, then.
Okay, then.
Hit: a) +2 dagger
Press: ? - help, Dir - move target, f - Blork the orc
Aim: Blork the orc, wielding a +0 scimitar of venom and wearing a +2 robe of willpower (moderately wounded, about 27% to evade your +2 dagger)
Okay, then.
You aren't carrying any items that you can evoke.
Unknown command.
Throw: 3 darts (curare)
Press: ? - help, Shift-Dir - straight line, f - Blork the orc
Aim: Blork the orc, wielding a +0 scimitar of venom and wearing a +2 robe of willpower (moderately wounded, 64% to hit)
You throw a curare-tipped dart.
The curare-tipped dart barely misses Blork the orc.
Blork the orc barely misses you.
Throw: 2 darts (curare)
Press: ? - help, Shift-Dir - straight line, f/p - Blork the orc
Aim: Blork the orc, wielding a +0 scimitar of venom and wearing a +2 robe of willpower (moderately wounded, 64% to hit)
You throw a curare-tipped dart.
The curare-tipped dart barely misses Blork the orc.
Blork the orc hits you with a +0 scimitar of venom!
You die...

................##.
#.....†......##.##.
#.#.###.#######.##. #
#.#.###)# #.##.
#.#....##.# #.##.
#<#.....#.### #.##.
#..........[# #.##.
.#.....#.#.# #.#.#
##@..##.#.# #..##
#..o...##.#.#####.#.#
#.(..................
##.#?.......##.##.###
#.#.#.##### #.#...##
#.....# #.......
###.### ###...## #.#
##.... ####.


You could see Blork the orc.

Vanquished Creatures
  Grinder (D:4)
  A hound (D:2)
  An orc priest (D:3)
  2 orc wizards (D:3)
  2 gnolls
  4 adders (D:2)
  3 worms
  A dart slug (D:3)
  3 orcs (D:3)
  11 endoplasms
  5 giant cockroaches
  8 goblins
  6 hobgoblins
  4 jackals (D:2)
  4 ball pythons
  6 frilled lizards
  9 kobolds
  2 rats
73 creatures vanquished.

Notes
Turn   | Place    | Note
-------+----------+-------------------------------------------
     0 | D:1      | iguanaiguana the Vine Stalker Brigand began the quest for
                  | the Orb.
     0 | D:1      | Reached XP level 1. HP: 11/11 MP: 2/2
    73 | D:1      | Reached skill level 2 in Short Blades
   246 | D:1      | Reached XP level 2. HP: 5/15 MP: 0/3
   485 | D:1      | Reached skill level 3 in Short Blades
   485 | D:1      | Reached XP level 3. HP: 10/18 MP: 2/4
  1022 | D:2      | Reached skill level 4 in Short Blades
  1022 | D:2      | Gained mutation: Your natural rate of healing is unusually
                  | fast. [Vine Stalker growth]
  1022 | D:2      | Reached XP level 4. HP: 19/23 MP: 5/5
  1165 | D:2      | Found a basalt altar of Yredelemnul.
  1243 | D:2      | Reached XP level 5. HP: 24/26 MP: 4/6
  1403 | D:3      | Noticed a great orb of eyes
  1410 | D:3      | Noticed a golden eye
  1412 | D:3      | Found a faded altar of an unknown god.
  1445 | D:3      | Noticed a shining eye
  1483 | D:3      | Found a burning altar of Makhleb.
  1484 | D:3      | Identified the +0 ring mail of the Lost Path {Fly Regen+
                  | MP+9 Dex-5}
  1510 | D:3      | Found a white marble altar of Elyvilon.
  1590 | D:3      | Found Satim's Weapon Boutique.
  1637 | D:3      | Noticed a floating eye
  1662 | D:3      | Reached skill level 5 in Short Blades
  1775 | D:3      | Found an iron altar of Okawaru.
  1796 | D:3      | Reached XP level 6. HP: 30/30 MP: 7/7
  1809 | D:3      | Became a worshipper of Warmaster Okawaru
  2027 | D:4      | Noticed Grinder
  2054 | D:4      | Killed Grinder
  2055 | D:4      | Reached skill level 6 in Short Blades
  2055 | D:4      | Reached skill level 1 in Armour
  2055 | D:4      | Reached skill level 1 in Dodging
  2055 | D:4      | Reached XP level 7. HP: 30/35 MP: 8/8
  2157 | D:4      | Noticed Blork the orc
  2178 | D:4      | Slain by Blork the orc

Illustrated notes

Levels and vault maps discovered:
D:1:      amcnicky_arrival_wind_blow, layout_rooms
D:2:      layout_rooms, basic_altar
D:3:      layout_rooms, okawaru_altar_gauntlet_db, makhleb_altar_promises_db,
          elyvilon_altar_5, serial_shops, nicolae_shop_bloodbath_and_beyond,
          hellmonk_ecumenical_altar_watching_god
D:4:      layout_loops_ring, gammafunk_temple_overflow_wave,
          nicolae_shop_clearance, uniq_blork_the_orc, uniq_grinder

Skill      XL: |  1  2  3  4  5  6 |
---------------+-------------------+-----
Short Blades   | 2 3 4 5 6 |  6.0
Fighting       | 2 |  2.4
Armour         | 1 |  1.2
Dodging        | 1 |  1.6
Throwing       | |  1.7
Stealth        | |  4.8

Action                   |  1- 3 |  4- 6 |  7- 9 || total
-------------------------+-------+-------+-------++-------
Melee: Dagger            |    66 |   185 |    29 ||   280
       Bite              |    17 |    47 |     8 ||    72
       Punch             |     1 |     2 |     1 ||     4
Throw: Dart              |       |       |     2 ||     2
  Use: Potion            |       |     2 |     3 ||     5
 Stab: Sleeping          |     4 |     3 |     1 ||     8
Armor: Robe              |     8 |       |       ||     8
       Ring mail         |    12 |    74 |     6 ||    92
Dodge: Dodged            |    34 |    86 |     8 ||   128

Table legend: (Time is in decaauts)
 A = Elapsed time spent in this place.
 B = Non-inter-level travel time spent in this place.
 C = Inter-level travel time spent in this place.
 D = Time resting spent in this place.
 E = Time spent auto-exploring this place.
 F = Levels seen in this place.
 G = Mean time per level.
                   A        B        C        D        E       F      G
               +--------+--------+--------+--------+--------+-----+--------+
         Total |   2097 |   1995 |    102 |      0 |   1467 |   4 |  524.2 |
       Dungeon |   2097 |   1995 |    102 |      0 |   1467 |   4 |  524.2 |
               +--------+--------+--------+--------+--------+-----+--------+

Top non-repeatable levels by time:
     D:1: 937 daAuts
     D:3: 558 daAuts
     D:2: 437 daAuts
     D:4: 165 daAuts
